 Dungeon Crawl Stone Soup version 0.31.0-12-g77e489cdc1 (webtiles) character file.

Game seed: 360522038532725606

753 monsoonserge the Ruffian (level 7, 0/53 HPs)
             Began as a Gnoll Shapeshifter on Mar 1, 2024.
             Slain by Menkaure (19 damage)
             ... on level 5 of the Dungeon.
             The game lasted 00:10:38 (4544 turns).

monsoonserge the Ruffian (Gnoll Shapeshifter)       Turns: 4544, Time: 00:10:38

Health: 0/53       AC:  7    Str: 15    XL:     7   Next: 78%
Magic:  11/11      EV: 17    Int:  9    God:
Gold:   321        SH:  0    Dex: 12    Spells: 11/11 levels left

rFire   . .          .
                       - Unarmed
rCold   + . .        (shield currently unavailable)
rNeg    . . .        g - melded +0 ring mail
rPois   .            D - +2 hat
rElec   .            (no cloak)
rCorr   .            s - +2 pair of gloves
SInv    .            z - +1 pair of boots
Will    .....        (no amulet)
Stlth   +            v - ring of protection from cold
HPRegen 0.28/turn    (no ring)
MPRegen 0.12/turn

%: no passive effects
@: flux-form, glowing
A: glow, contaminating, fangs 1, strong nose, distributed training
a: Begin Untransformation


You were on level 5 of the Dungeon.
You were something dangerously unstable.
You visited 2 branches of the dungeon, and saw 6 of its levels.

You collected 321 gold pieces.

Inventory:

Missiles
 A - 2 poisoned darts (quivered)
Armour
 a - a +0 animal skin
 g - a +0 ring mail (melded)
 o - a +0 plate armour
 p - a +0 leather armour
 q - a +0 chain mail
 s - a +2 pair of gloves (worn)
 z - a +1 pair of boots (worn)
 C - a +0 scale mail
 D - a +2 hat (worn)
Magical Staves
 E - a staff of air
Jewellery
 v - a ring of protection from cold (left hand)
 w - an amulet of faith
Talismans
 c - a beast talisman
 d - a flux talisman (active)
 F - a talisman of death
Wands
 n - a wand of charming (9)
Scrolls
 e - 3 scrolls of noise {unknown}
 i - 2 scrolls of enchant weapon {unknown}
 j - 3 scrolls of revelation {unknown}
 l - 3 scrolls of fog {unknown}
 m - 2 scrolls of blinking {unknown}
 r - 3 scrolls of identify {unknown}
 y - 2 scrolls of fear {unknown}
 B - a scroll of silence {unknown}
Potions
 b - 2 potions of lignification
 f - a potion of berserk rage {unknown}
 h - 3 potions of curing {unknown}
 k - a potion of degeneration {unknown}
 t - a potion of mutation {unknown}
 u - a potion of invisibility {unknown}
 x - a potion of attraction {unknown}
 G - a potion of haste {unknown}
 H - a potion of resistance {unknown}


   Skills:
 + Level 3.9 Fighting
 + Level 2.8 Short Blades
 + Level 2.8 Long Blades
 + Level 2.8 Axes
 + Level 2.8 Maces & Flails
 + Level 2.8 Polearms
 + Level 2.8 Staves
 + Level 2.8 Ranged Weapons
 + Level 2.8 Throwing
 + Level 2.8 Armour
 + Level 5.4 Dodging
 + Level 2.8 Stealth
 + Level 2.8 Shields
 + Level 7.2 Unarmed Combat
 + Level 2.8 Spellcasting
 + Level 2.3 Conjurations
 + Level 2.3 Hexes
 + Level 2.3 Summonings
 + Level 2.3 Necromancy
 + Level 2.3 Translocations
 + Level 2.3 Fire Magic
 + Level 2.3 Ice Magic
 + Level 2.3 Air Magic
 + Level 2.3 Earth Magic
 + Level 2.3 Alchemy
 + Level 3.1 Invocations
 + Level 2.8 Evocations
 + Level 7.0 Shapeshifting


You had 11 spell levels left.
You didn't know any spells.
Your spell library contained the following spells:

 Spells                   Type           Power      Damage    Failure   Level
 Lesser Beckoning         Tloc           10%        N/A       19%         2
 Gell's Gravitas          Tloc           5%         N/A       34%         3
 Teleport Other           Tloc           5%         N/A       34%         3


Dungeon Overview and Level Annotations

Branches:
Dungeon (5/15)             Temple (1/1) D:4

Altars:
Ashenzari
Dithmenos
Gozag
Hepliaklqana
Kikubaaqudgha
Nemelex Xobeh
Okawaru
Qazlal
Ru
Sif Muna
Trog
Uskayaw
Wu Jian
Xom

Shops:
D:5 *

Annotations:
D:4 1 runed translucent door, Crazy Yiuf
D:5 Menkaure


Innate Abilities, Weirdness & Mutations

You are something dangerously unstable.
You glow with magical radiation, making you easy to see and hit.
Foes you strike become dangerously contaminated with magical radiation.
You are incapable of wielding weapons or throwing items.
You have very sharp teeth.
Your uncanny sense of smell can sniff out nearby items.
Your experience applies equally to all skills.


Message History

Menkaure gestures wildly while chanting.
Menkaure seems to speed up.
You hear a shout! x2
You hit Menkaure but do no damage.
Menkaure shudders as magic cascades through him.
Menkaure barely misses you.
You hit Menkaure.
Menkaure begins to glow.
Menkaure is lightly damaged.
Menkaure closely misses you.
You completely miss Menkaure.
Menkaure is lightly damaged.
Menkaure barely misses you.
You hit Menkaure.
Menkaure glows dangerously bright.
You bite Menkaure.
Menkaure is moderately damaged.
Menkaure closely misses you.
You hit Menkaure but do no damage.
Menkaure shudders as magic cascades through him.
Menkaure is moderately damaged.
Menkaure hits you!!
You barely miss Menkaure.
Menkaure is moderately damaged.
Menkaure calls on the powers of darkness!
Your body is wracked with pain!
You hit Menkaure but do no damage.
Menkaure begins to glow.
You bite Menkaure, but do no damage.
Menkaure is moderately damaged.
Menkaure barely misses you.
You hit Menkaure.
Menkaure glows dangerously bright.
Menkaure is heavily damaged.
Menkaure gestures at you while chanting.
You struggle to resist.
You hit Menkaure.
Menkaure shudders as magic cascades through him.
Menkaure is heavily damaged.
Menkaure barely misses you.
You barely miss Menkaure.
Menkaure is heavily damaged.
Menkaure shouts, "Why can't you leave me to my rest?"
Menkaure hits you!!
You die...

#######
###......##
.......
######....#
.......
...........#
#######
########...##
###.####..#
###...# ##)##
##.....###..#
##......##..##
#.oo.M..#p..#
.......#M..##
......##..##
o....##..##
....!#..##
....#..# ##
...#..# .+
..#... .# #..


You could see Menkaure (fast).

Vanquished Creatures
  An ice beast (D:5)
  A black bear (D:4)
  Blork the orc (D:5)
  2 scorpions
  A bombardier beetle (D:5)
  A hound (D:5)
  An orc priest (D:4)
  A gnoll bouda (D:4)
  A sleepcap (D:5)
  6 gnolls
  6 adders
  A white imp (D:5)
  2 ufetubi (D:5)
  2 ribbon worms
  A dart slug (D:1)
  8 orcs
  6 endoplasms
  2 giant cockroaches
  8 hobgoblins
  5 jackals (D:1)
  8 kobolds
  6 quokkas
  8 ball pythons
  9 bats
  3 frilled lizards
  11 goblins
  8 rats
110 creatures vanquished.

Notes
Turn   | Place    | Note
-------+----------+-------------------------------------------
     0 | D:1      | monsoonserge the Gnoll Shapeshifter began the quest for the
                  | Orb.
     0 | D:1      | Reached XP level 1. HP: 17/17 MP: 1/1
   155 | D:1      | Reached XP level 2. HP: 15/23 MP: 2/2
   400 | D:1      | Reached XP level 3. HP: 28/28 MP: 3/3
   436 | D:1      | You fall into a shaft and drop 1 floor!
   517 | D:1      | Reached skill level 1 in Invocations
   905 | D:2      | Reached skill level 1 in Short Blades
   905 | D:2      | Reached skill level 1 in Long Blades
   905 | D:2      | Reached skill level 1 in Axes
   905 | D:2      | Reached skill level 1 in Maces & Flails
   905 | D:2      | Reached skill level 1 in Polearms
   905 | D:2      | Reached skill level 1 in Staves
   905 | D:2      | Reached skill level 1 in Ranged Weapons
   905 | D:2      | Reached skill level 1 in Throwing
   905 | D:2      | Reached skill level 1 in Armour
   905 | D:2      | Reached skill level 1 in Stealth
   905 | D:2      | Reached skill level 1 in Shields
   905 | D:2      | Reached skill level 1 in Spellcasting
   905 | D:2      | Reached skill level 1 in Evocations
  1191 | D:2      | Reached XP level 4. HP: 32/34 MP: 5/5
  1907 | D:3      | Reached skill level 1 in Conjurations
  1907 | D:3      | Reached skill level 1 in Hexes
  1907 | D:3      | Reached skill level 1 in Summonings
  1907 | D:3      | Reached skill level 1 in Necromancy
  1907 | D:3      | Reached skill level 1 in Translocations
  1907 | D:3      | Reached skill level 1 in Fire Magic
  1907 | D:3      | Reached skill level 1 in Ice Magic
  1907 | D:3      | Reached skill level 1 in Air Magic
  1907 | D:3      | Reached skill level 1 in Earth Magic
  1907 | D:3      | Reached skill level 1 in Alchemy
  2317 | D:3      | Noticed a scorpion
  2324 | D:3      | Killed a scorpion
  2325 | D:3      | Reached XP level 5. HP: 21/41 MP: 5/7
  2826 | D:4      | Found a sparkling altar of Nemelex Xobeh.
  2899 | D:4      | Found a staircase to the Ecumenical Temple.
  2911 | Temple   | Entered the Ecumenical Temple
  2974 | D:4      | Noticed a black bear
  2983 | D:4      | Killed a black bear
  2984 | D:4      | Reached skill level 5 in Dodging
  2984 | D:4      | Reached XP level 6. HP: 39/47 MP: 7/9
  3057 | D:5      | Entered Level 5 of the Dungeon
  3535 | D:4      | Reached XP level 7. HP: 41/52 MP: 10/10
  3644 | D:4      | Found a runed translucent door.
  3645 | D:4      | Noticed Crazy Yiuf
  4124 | D:5      | Found Jului's Mass Market.
  4216 | D:5      | Noticed Blork the orc
  4228 | D:5      | Killed Blork the orc
  4527 | D:5      | Noticed Menkaure
  4544 | D:5      | Slain by Menkaure

Illustrated notes

Levels and vault maps discovered:
D:1:      spicycebolla_green_bress_n_ham, layout_loops_ring
D:2:      layout_basic, minmay_tall_x
D:3:      layout_basic, grunt_ministairs_9
D:4:      layout_loops_ring, mainiacjoe_overflow_six_doors_small,
          minmay_temple_entry_proselytizer, serial_rivers,
          chequers_serial_rivers_small_b, chequers_serial_rivers_marsh,
          chequers_serial_rivers_marsh, chequers_serial_rivers_micro_a,
          chequers_serial_rivers_marsh, chequers_serial_rivers_room_b,
          uniq_crazy_yiuf_cottage
D:5:      layout_cave_pods, minmay_shop_mass, grunt_ministairs_13,
          kennysheep_nondescript, uniq_menkaure, uniq_blork_the_orc
Temple:   nicolae_temple_figure_eight

Skill      XL: |  1  2  3  4  5  6  7 |
---------------+----------------------+-----
Invocations    | 1 2 3 |  3.1
Short Blades   | 1 2 |  2.8
Long Blades    | 1 2 |  2.8
Axes           | 1 2 |  2.8
Maces & Flails | 1 2 |  2.8
Polearms       | 1 2 |  2.8
Staves         | 1 2 |  2.8
Ranged Weapons | 1 2 |  2.8
Throwing       | 1 2 |  2.8
Armour         | 1 2 |  2.8
Stealth        | 1 2 |  2.8
Shields        | 1 2 |  2.8
Spellcasting   | 1 2 |  2.8
Evocations     | 1 2 |  2.8
Conjurations   | 1 2 |  2.3
Hexes          | 1 2 |  2.3
Summonings     | 1 2 |  2.3
Necromancy     | 1 2 |  2.3
Translocations | 1 2 |  2.3
Fire Magic     | 1 2 |  2.3
Ice Magic      | 1 2 |  2.3
Air Magic      | 1 2 |  2.3
Earth Magic    | 1 2 |  2.3
Alchemy        | 1 2 |  2.3
Fighting       | 3 |  3.9
Dodging        | 5 |  5.4
Unarmed Combat | 7 |  7.2
Shapeshifting  | 7 |  7.0

Action                     |  1- 3 |  4- 6 |  7- 9 || total
---------------------------+-------+-------+-------++-------
  Melee: Unarmed           |    97 |   149 |    60 ||   306
         Bite              |     3 |    24 |    11 ||    38
         Punch             |     1 |       |       ||     1
 Armour: Skin              |     8 |    53 |    26 ||    87
         Ring mail         |    23 |    19 |       ||    42
  Dodge: Dodged            |    76 |   112 |    61 ||   249
   Form: Flux              |     2 |     1 |       ||     3
         Beast             |     2 |       |       ||     2
